 Dungeon Crawl Stone Soup version 0.23.1 (webtiles) character file.

Game seed: 15736327733560675377

240 OdinFK the Firebug (level 5, -6/28 HPs)
             Began as a Deep Elf Fire Elementalist on Mar 18, 2019.
             Killed by divine providence
             ... invoked by an orc priest
              (12 damage)
             ... on level 4 of the Dungeon.
             The game lasted 00:12:44 (2222 turns).

OdinFK the Firebug (Deep Elf Fire Elementalist)     Turns: 2222, Time: 00:12:46

Health: -6/28      AC:  5    Str:  5    XL:     5   Next: 80%
Magic:  1/14       EV: 14    Int: 21    God:
Gold:   156        SH:  0    Dex: 19    Spells: 3/13 levels left

rFire    . . .     SeeInvis .   g - +0 dagger
rCold    . . .     Gourm    .   (no shield)
rNeg     . . .     Faith    .   a - +0 robe
rPois    .         Spirit   .   s - +1 helmet
rElec    .         Reflect  .   j - +0 cloak
rCorr    .         Harm     .   (no gloves)
MR       .....                  (no boots)
Stlth    ++........             (no amulet)
HPRegen  0.09/turn              u - +4 ring of dexterity
MPRegen  0.14/turn              (no ring)

@: very slightly contaminated
A: no striking features
a: no special abilities


You were on level 4 of the Dungeon.
You were hungry.

You visited 1 branch of the dungeon, and saw 4 of its levels.

You collected 156 gold pieces.

Inventory:

Hand Weapons
 g - a +0 dagger (weapon)
Armour
 a - a +0 robe (worn)
 j - a +0 cloak (worn)
 s - a +1 helmet (worn)
Jewellery
 n - an uncursed amulet of faith
 u - a +4 ring of dexterity (left hand)
Wands
 p - a wand of digging (4)
Scrolls
 b - a scroll of blinking {unknown}
 f - 5 scrolls of teleportation
 k - 2 scrolls of remove curse
 l - 3 scrolls of identify
 o - a scroll of fear {unknown}
 q - a scroll of magic mapping {unknown}
Potions
 d - 2 potions of curing {unknown}
 e - 2 potions of ambrosia {unknown}
 h - 2 potions of mutation {unknown}
 i - 2 potions of heal wounds {unknown}
 m - a potion of degeneration {unknown}
 r - a potion of berserk rage {unknown}
 t - a potion of lignification {unknown}
Comestibles
 c - 7 rations
 v - a chunk of flesh


   Skills:
 + Level 2.9 Dodging
 - Level 2.4 Stealth
 + Level 4.8 Spellcasting
 * Level 4.0 Conjurations
 + Level 4.9 Fire Magic


You had 3 spell levels left.
You knew the following spells:

 Your Spells              Type           Power        Failure   Level  Hunger
a - Flame Tongue          Conj/Fire      ###..        1%          1    None
b - Throw Flame           Conj/Fire      ###...       2%          2    None
c - Conjure Flame         Conj/Fire      ###.....     5%          3    ##.....
d - Sticky Flame          Conj/Fire      ###.....     19%         4    ####...

Your spell library contained the following spells:

 Spells                   Type           Power        Failure   Level  Hunger
 Inner Flame              Hex/Fire       ###.....     12%         3    ##.....
 Fireball                 Conj/Fire      ###.......   45%         5    #####..


Dungeon Overview and Level Annotations

Branches:
Dungeon (4/15)
 Temple: D:4-7

Altars:


Message History

Confirm with . or Enter, or press ? or * to list all spells.
Aiming: Sticky Flame (slightly dangerous; 19% risk of failure)
Press: ? - help, Shift-Dir - straight line, f - orc priest
Aim: an orc priest You miscast Sticky Flame.
You are very lightly contaminated with residual magic.
You have a brief vision of globes of primordial fire.
The orc priest closely misses you.
Casting: Sticky Flame (slightly dangerous; 19% risk of failure)
Confirm with . or Enter, or press ? or * to list all spells.
Aiming: Sticky Flame (slightly dangerous; 19% risk of failure)
Press: ? - help, Shift-Dir - straight line, f/p - orc priest
Aim: an orc priest The sticky flame hits the orc priest.
The orc priest is moderately wounded.
The orc priest is covered in liquid flames!
The orc priest burns!
The orc priest mumbles some strange prayers to Beogh against you.
Beogh smites you!
You die... #.... ..... .....###?.. #.........# # #.........##.# ##.o.......... ..###...o.####### oo#

#........%[#♣ #o#
#.########o.♣
..##'###.######.@..♣
.........#....÷..#....#
#........#.......##+###
#................#
#...............##
########....##### .#
#....# #####.# ..
#....###...#.# ...
#....#(....#.##...


You could see an orc priest (burning).

Vanquished Creatures
  2 orc priests
  An orc wizard (D:3)
  Jessica (D:2)
  4 adders
  3 gnolls (D:4)
  An ooze (D:1)
  2 worms (D:2)
  A leopard gecko (D:1)
  3 orcs
  A giant cockroach (D:2)
  4 goblins
  5 hobgoblins
  3 jackals (D:2)
  3 quokkas (D:2)
  5 bats
  8 frilled lizards
  7 kobolds
  4 rats
58 creatures vanquished.

Notes
Turn   | Place    | Note
-------+----------+-------------------------------------------
     0 | D:1      | OdinFK the Deep Elf Fire Elementalist began the quest for
                  | the Orb.
     0 | D:1      | Reached XP level 1. HP: 10/10 MP: 6/6
   217 | D:1      | Reached XP level 2. HP: 15/15 MP: 6/8
   223 | D:1      | Learned a level 2 spell: Throw Flame
   682 | D:2      | Reached XP level 3. HP: 19/19 MP: 1/9
   687 | D:2      | Learned a level 3 spell: Conjure Flame
   746 | D:2      | Noticed Jessica
   799 | D:2      | Killed Jessica
   829 | D:2      | Reached XP level 4. HP: 24/24 MP: 3/11
   835 | D:2      | Learned a level 4 spell: Sticky Flame
  1668 | D:3      | Reached XP level 5. HP: 10/28 MP: 3/13
  2222 | D:4      | Killed from afar by an orc priest

Skill      XL: |  1  2  3  4  5 |
---------------+----------------+-----
Fire Magic     | 4 |  4.9
Conjurations   | 2 4 |  4.0
Spellcasting   | 4 |  4.8
Dodging        | |  2.9
Stealth        | |  2.4

Action                   |  1- 3 |  4- 6 || total
-------------------------+-------+-------++-------
Melee: Dagger            |       |    15 ||    15
 Cast: Flame Tongue      |    21 |    48 ||    69
       Throw Flame       |    17 |    21 ||    38
       Sticky Flame      |       |     5 ||     5
  Use: Scroll            |       |     2 ||     2
  Eat: Chunk             |       |     5 ||     5
Armor: Robe              |       |     7 ||     7
Dodge: Dodged            |     1 |    26 ||    27
